Map: Romanticide LE

Players

LeOStorM

  • Race: Protoss Protoss
  • League: Diamond
  • Spawn Location: 5:00

Heeebster - Winner!

  • Race: Protoss Protoss
  • League: Diamond
  • Spawn Location: 11:00

VOD

Have the link to the VOD?

Description

Time

  • Played on: Nov. 16, 2020, 1:01 p.m.
  • Length: 4:53
Show
View Real Time Build Order
Export as new Build Order

LeOStorM Protoss 

Build Orders:  

Get SALT Encoding   

  12  0:02  Probe  
  13  0:14  Probe  
  13  0:19  Pylon  
  14  0:26  Probe  
  15  0:38  Gateway  
  15  0:39  Probe (Chrono Boost)  
  16  0:45  Assimilator  
  16  0:49  Probe (Chrono Boost)  
  17  0:55  Probe  
  17  0:56  Assimilator  
  18  1:07  Probe  
  19  1:14  Gateway  
  19  1:27  Probe  
  20  1:33  Cybernetics Core  
  20  1:39  Pylon, Probe  
  21  1:51  Probe  
  22  2:05  Probe  
  22  2:07  Adept x2 (Chrono Boost)  
  23  2:10  Warp Gate (Chrono Boost)  
  27  2:18  Probe  
  28  2:38  Nexus  
  28  2:42  Shield Battery  
  28  2:50  Pylon  
  28  3:19  Twilight Council  
  24  3:21  Robotics Facility  
  24  3:26  Probe  
  25  3:27  Shield Battery  
  25  3:28  Pylon  
  25  3:34  Pylon  
  25  3:38  Probe  
  19  3:51  Stalker  
  18  3:56  Probe (Chrono Boost)  
  18  4:07  Probe (Chrono Boost)  
  18  4:08  Stalker  
  21  4:11  Probe  
  17  4:26  Probe (Chrono Boost)  
  19  4:31  Probe (Chrono Boost)  
  19  4:36  Probe (Chrono Boost)  
  20  4:39  Probe (Chrono Boost)  
  20  4:43  Stalker  
Show
View Real Time Build Order
Export as new Build Order

Heeebster Protoss - Winner!

Build Orders: Oracle Opening 

Get SALT Encoding   

  12  0:01  Probe  
  13  0:13  Pylon  
  13  0:18  Probe  
  14  0:30  Probe (Chrono Boost)  
  15  0:36  Gateway  
  15  0:39  Probe (Chrono Boost)  
  16  0:43  Assimilator  
  16  0:44  Probe (Chrono Boost)  
  17  0:52  Assimilator  
  17  0:56  Probe (Chrono Boost)  
  18  1:08  Probe (Chrono Boost)  
  19  1:14  Probe (Chrono Boost)  
  20  1:22  Probe  
  20  1:23  Cybernetics Core  
  20  1:25  Pylon  
  21  1:34  Probe  
  22  1:40  Pylon  
  22  1:46  Probe  
  23  1:59  Stalker (Chrono Boost), Warp Gate  
  25  2:09  Stargate  
  25  2:23  Stalker (Chrono Boost)  
  25  2:29  Gateway  
  27  2:50  Gateway  
  27  2:51  Gateway  
  27  2:54  Oracle (Chrono Boost)  
  28  3:21  Probe  
  29  3:28  Oracle (Chrono Boost)  
  29  3:33  Probe  
  33  3:41  Pylon  
  33  4:00  Stalker x4  
  41  4:24  Stalker x2  
  45  4:31  Stalker  
  47  4:44  Pylon  
Tags
 
Matchup
PvP
Replay Pack
Replays
Spawn Locations
Cross Positions
Add a new tag
Caveats
  • Supply blocks, unpowered buildings, or Contaminate may cause inaccurate times.
  • Supply counts are checked every 10 seconds.